 Dungeon Sprint DCSS version 0.30.1-4-g462c640d31 (webtiles) character file.

Game seed: 17925431126928957691

1227 Heoruswealwe the Cleaver (level 8, -3/82 HPs)
             Began as a Hill Orc Fighter on Aug 19, 2023.
             Was a Follower of Qazlal.
             Slain by a centaur warrior (8 damage)
             ... in the Dungeon (Sprint I: "Red Sonja").
             The game lasted 00:06:21 (663 turns).

Heoruswealwe the Cleaver (Hill Orc Fighter)          Turns: 663, Time: 00:06:21

Health: -3/82      AC: 10    Str: 21    XL:     8   Next: 48%
Magic:  6/8        EV:  9    Int:  8    God:    Qazlal [*.....]
Gold:   459        SH:  8    Dex: 10    Spells: 7/7 levels left

rFire   . . .        a - +0 war axe
rCold   . . .        c - +0 buckler
rNeg    . . .        b - +0 scale mail
rPois   .            (no helmet)
rElec   .            (no cloak)
rCorr   .            (no gloves)
SInv    .            g - +0 pair of boots
Will    .....        (no amulet) Stlth
                     (no ring)
HPRegen 0.33/turn    (no ring)
MPRegen 0.11/turn

%: no teleportation
@: no status effects
A: no striking features
a: Renounce Religion


You were in the Dungeon.
You worshipped Qazlal.
Qazlal was aware of your devotion.
You visited 1 branch You collected 459 gold pieces.

Inventory:

Hand Weapons
 a - a +0 war axe (weapon)
Armour
 b - a +0 scale mail (worn)
 c - a +0 buckler (worn)
 g - a +0 pair of boots (worn)
Wands
 k - a wand of digging (7)
Scrolls
 d - a scroll of identify {unknown}
 j - a scroll of blinking
Potions
 e - a potion of flight {unknown}
 f - a potion of resistance {unknown}
 h - 2 potions of magic


   Skills:
 + Level 11.5 Fighting
 + Level 12.2 Axes
 + Level 10.6 Armour
 + Level 10.6 Shields


You had 7 spell levels left.
You didn't know any spells.
Your spell library was empty.

Dungeon Overview and Level Annotations

Branches:
Dungeon (1/1)

Altars:
Cheibriados
Dithmenos
Elyvilon
Fedhas
Gozag
Hepliaklqana
Kikubaaqudgha
Makhleb
Nemelex Xobeh
Okawaru
Qazlal
Ru
Sif Muna
Trog
Uskayaw
Vehumet
Wu Jian
Xom
Yredelemnul
Zin
The Shining One
Jiyva
Lugonu

Shops:
D *


Message History

* * * LOW HITPOINT WARNING * * *
The centaur warrior hits you but does no damage.
The centaur warrior kicks you but does no damage.
You hit the centaur warrior but do no damage.
The centaur warrior is heavily wounded.
You closely miss the centaur warrior. The centaur warrior hits you!
* * * LOW HITPOINT WARNING * * *
The centaur warrior kicks you but does no damage.
You block the centaur warrior's attack. The centaur warrior closely misses you.
Unknown command.
You hit the centaur warrior.
The centaur warrior is heavily wounded.
You slash the centaur warrior! You block the centaur warrior's attack.
The centaur warrior closely misses you.
The centaur warrior hits you but does no damage.
The centaur warrior kicks you but does no damage.
You block the centaur warrior's attack. The centaur warrior barely misses you.
Okay, then.
You slice the centaur warrior!!
The centaur warrior is almost dead.
You closely miss the centaur warrior. You block the centaur warrior's attack.
The centaur warrior barely misses you. The centaur warrior hits you.
* * * LOW HITPOINT WARNING * * *
The centaur warrior kicks you but does no damage.
The centaur warrior hits you.
* * * LOW HITPOINT WARNING * * *
You block the centaur warrior's attack.
You barely miss the centaur warrior.
The centaur warrior is almost dead.
You hit the centaur warrior. You block the centaur warrior's attack.
The centaur warrior kicks you but does no damage.
The centaur warrior hits you.
* * * LOW HITPOINT WARNING * * *
The centaur warrior kicks you but does no damage.
You hit the centaur warrior but do no damage.
The centaur warrior is almost dead.
You hit the centaur warrior. The centaur warrior barely misses you.
The centaur warrior kicks you but does no damage.
The centaur warrior hits you!
You die...

.#..).)#..'..#__#..'.).#
.').#..'..#..'..'..#)§.#
.#####'#####'#__####...+
.####..#...#(####$(#####
.#__####..##[#~§§..#
.#_____##'#_.+§~~cc+
⌠#_.∩...†..._#~~§§§#
.#_..__##_.#'##c####
.#_____###+#.#.c@.#
######## ####+###


You could see 2 centaur warriors.

Vanquished Creatures
  2 kobold demonologists (D)
  Sigmund (D)
  A slime creature (D)
  A yak (D)
  A floating eye (D)
  An ogre (D)
  A jelly (D)
  Ijyb (D)
9 creatures vanquished.

Notes
Turn   | Place    | Note
-------+----------+-------------------------------------------
     0 | D        | Heoruswealwe the Hill Orc Fighter began the quest for the
                  | Orb.
     0 | D        | Reached XP level 1. HP: 19/19 MP: 1/1
     1 | D        | Noticed Ijyb
    17 | D        | Killed Ijyb
    18 | D        | Reached skill level 5 in Fighting
    18 | D        | Reached skill level 4 in Axes
    18 | D        | Reached XP level 2. HP: 10/29 MP: 2/2
    18 | D        | Reached XP level 3. HP: 12/36 MP: 3/3
   108 | D        | Noticed an ogre
   111 | D        | Killed an ogre
   112 | D        | Reached skill level 6 in Axes
   112 | D        | Reached XP level 4. HP: 44/45 MP: 4/4
   158 | D        | Noticed Sigmund
   180 | D        | Killed Sigmund
   181 | D        | Reached skill level 8 in Axes
   181 | D        | Reached XP level 5. HP: 40/55 MP: 5/5
   181 | D        | Reached XP level 6. HP: 45/62 MP: 6/6
   237 | D        | Found a burning altar of Makhleb.
   237 | D        | Found a viscous altar of Jiyva.
   237 | D        | Found a shimmering altar of Xom.
   237 | D        | Found a corrupted altar of Lugonu.
   237 | D        | Noticed a slime creature
   253 | D        | Killed a slime creature
   254 | D        | Reached skill level 9 in Axes
   441 | D        | Found an ornate altar of the Wu Jian Council.
   441 | D        | Found a shimmering blue altar of Sif Muna.
   443 | D        | Found a radiant altar of Vehumet.
   448 | D        | Reached XP level 7. HP: 53/70 MP: 7/7
   501 | D        | Found Rojamez's General Store.
   501 | D        | Found an ancient bone altar of Kikubaaqudgha.
   501 | D        | Found a hazy altar of Hepliaklqana.
   501 | D        | Found a stormy altar of Qazlal.
   501 | D        | Found a hide-covered altar of Uskayaw.
   501 | D        | Found a blossoming altar of Fedhas.
   501 | D        | Found a bloodstained altar of Trog.
   501 | D        | Found an iron altar of Okawaru.
   501 | D        | Found a basalt altar of Yredelemnul.
   501 | D        | Found a glowing golden altar of the Shining One.
   501 | D        | Found a snail-covered altar of Cheibriados.
   501 | D        | Found a sacrificial altar of Ru.
   501 | D        | Found a glowing silver altar of Zin.
   501 | D        | Found a shadowy altar of Dithmenos.
   501 | D        | Found a white marble altar of Elyvilon.
   501 | D        | Noticed a yak
   510 | D        | Killed a yak
   511 | D        | Reached skill level 10 in Fighting
   511 | D        | Reached skill level 10 in Axes
   511 | D        | Found an opulent altar of Gozag.
   512 | D        | Found a sparkling altar of Nemelex Xobeh.
   516 | D        | Became a worshipper of Qazlal Stormbringer
   601 | D        | Noticed a kobold demonologist
   602 | D        | Noticed a kobold demonologist
   604 | D        | Noticed a chaos spawn
   606 | D        | Noticed a soul eater
   609 | D        | Killed a kobold demonologist
   610 | D        | Reached skill level 11 in Axes
   610 | D        | Reached skill level 10 in Armour
   610 | D        | Reached skill level 10 in Shields
   610 | D        | Reached XP level 8. HP: 82/82 MP: 8/8
   611 | D        | Noticed a sixfirhy
   613 | D        | Killed a kobold demonologist
   613 | D        | Reached * piety under Qazlal
   614 | D        | Reached skill level 12 in Axes
   627 | D        | Noticed a centaur warrior
   627 | D        | Noticed a centaur warrior
   662 | D        | HP: 4/82 [centaur warrior (1)]
   663 | D        | Slain by a centaur warrior

Illustrated notes

Levels and vault maps discovered:
D:        dungeon_sprint_1 [red_sonja_temple_1, red_sonja_temple_small_1]

Skill      XL: |  1  2  3  4  5  6  7  8 |
---------------+-------------------------+-----
Fighting       | 5 6 8 9 11 | 11.5
Axes           | 4 6 8 9 11 12 | 12.2
Armour         | 4 6 7 8 10 | 10.6
Shields        | 4 6 7 8 10 | 10.6

Action                     |  1- 3 |  4- 6 |  7- 9 || total
---------------------------+-------+-------+-------++-------
  Melee: War axe           |    17 |    28 |    29 ||    74
  Evoke: Wand              |     1 |       |       ||     1
    Use: Potion            |     1 |     2 |     2 ||     5
 Armour: Scale mail        |     4 |     5 |    19 ||    28
  Dodge: Dodged            |     8 |     6 |    10 ||    24
  Block: Buckler           |     2 |     4 |    13 ||    19
